 Dungeon Crawl Stone Soup version 0.30-a0-404-g0b3c3f4973 (webtiles) character file.

Game seed: 3117732028279172228

8639 funkygono the Thaumaturge (level 11, -6/75 HPs)
             Began as a Demonspawn Fire Elementalist on Dec 7, 2022.
             Was a Priest of Vehumet.
             Mangled by an orc warlord
             ... wielding a +3 battleaxe
              (25 damage)
             ... in a bailey.
             The game lasted 00:21:27 (11055 turns).

funkygono the Thaumaturge (DsFE)                   Turns: 11055, Time: 00:21:28

Health: -6/75      AC: 11    Str:  8    XL:     11   Next: 12%
Magic:  14/25      EV: 12    Int: 22    God:    Vehumet [***...]
Gold:   620        SH:  5    Dex: 13    Spells: 11/30 levels left

rFire   . . .      SeeInvis .    C - +5 falchion (protect)
rCold   . . .      Faith    .    (no shield)
rNeg    . . .      Spirit   .    G - +0 acid dragon scales
rPois   .          Reflect  +    i - +0 helmet
rElec   .          Harm     .    u - +1 cloak
rCorr   +          Rampage  .    (no gloves)
Will    .....                    (no boots)
Stlth   +.........               y - amulet of reflection
HPRegen 0.32/turn                (no ring)
MPRegen 0.19/turn                (no ring)

@: mighty
A: thin metallic scales 1, powered by pain 1, demonic magic 2, weakness stinger
1
a: Renounce Religion


You were in a bailey.
You worshipped Vehumet.
Vehumet was most pleased with you.
You visited 2 branches of the dungeon, and saw 11 of its levels.
You also visited: Bailey.

You collected 620 gold pieces.

Inventory:

Hand Weapons
 h - a +0 whip of electrocution
 s - a +2 long sword of freezing
 t - a +0 great sword
 w - a +1 quarterstaff of speed
 C - a +5 falchion of protection (weapon)
Missiles
 H - 2 throwing nets
Armour
 a - a +0 robe
 e - a +1 robe of cold resistance
 i - a +0 helmet (worn)
 u - a +1 cloak (worn)
 D - a +0 troll leather armour
 E - a +1 ring mail of positive energy
 G - +0 acid dragon scales (worn)
Jewellery
 y - an amulet of reflection (around neck)
 F - an amulet of regeneration
Wands
 d - a wand of acid (7)
 g - a wand of digging (8)
 x - a wand of iceblast (17)
Scrolls
 c - 2 scrolls of amnesia
 j - 3 scrolls of teleportation
 l - a scroll of magic mapping
 n - 2 scrolls of fog
 v - 2 scrolls of poison
 I - a scroll of acquirement
Potions
 b - 2 potions of magic
 f - a potion of might
 m - 2 potions of invisibility
 o - a potion of lignification
 p - 3 potions of ambrosia
 q - 6 potions of curing
 r - a potion of cancellation
 z - 2 potions of attraction
 A - 2 potions of mutation
 B - 2 potions of haste {unknown}


   Skills:
 + Level 3.1 Fighting
 + Level 3.7 Long Blades
 + Level 3.6 Dodging
 - Level 1.7 Stealth
 + Level 1.5 Shields
 + Level 10.1 Spellcasting
 + Level 6.2 Conjurations
 + Level 9.6 Fire Magic
 + Level 0.1 Earth Magic


You had 11 spell levels left.
You knew the following spells:

 Your Spells              Type           Power      Damage    Failure   Level
a - Foxfire               Conj/Fire      100%       2x1d9     1%          1
b - Scorch                Fire           100%       2d10      1%          2
c - Kindle Blastsparks    Fire/Tloc/Air  50%        2d14      2%          3
d - Flame Wave            Conj/Fire      46%        2d12      1%          4
e - Magic Dart            Conj           100%       1d8       1%          1
f - Stone Arrow           Conj/Erth      50%        3d10      2%          3
g - Searing Ray           Conj           76%        2d7       1%          2
h - Ignite Poison         Fire/Tmut/Pois 25%        N/A       2%          3

Your spell library contained the following spells:

 Spells                   Type           Power      Damage    Failure   Level
 Inner Flame              Hex/Fire       32%        N/A       1%          3
 Sandblast                Erth           22%        2d7       2%          1
 Slow                     Hex            44%        N/A       11%         1
 Summon Small Mammal      Summ           44%        N/A       11%         1
 Ensorcelled Hibernation  Hex/Ice        22%        N/A       16%         2
 Passwall                 Tmut/Erth      9%         N/A       16%         2
 Call Canine Familiar     Summ           11%        N/A       32%         3
 Confusing Touch          Hex            11%        N/A       32%         3
 Spider Form              Tmut/Pois      11%        N/A       32%         3
 Summon Guardian Golem    Hex/Summ       11%        N/A       32%         3
 Vampiric Draining        Necr           11%        2d6       32%         3
 Anguish                  Hex/Necr       5%         N/A       71%         4
 Summon Cactus Giant      Summ           5%         N/A       100%        6


Dungeon Overview and Level Annotations

Branches:
Dungeon (10/15)            Temple (1/1) D:5          Bailey (1/1)
   Lair: D:8-11         Orc: D:9-12

Altars:
Ashenzari
Cheibriados
Dithmenos
Fedhas
Gozag
Hepliaklqana
Kikubaaqudgha
Makhleb
Nemelex Xobeh
Okawaru
Qazlal
Ru
Sif Muna
Trog
Vehumet
Wu Jian
Xom
Yredelemnul

Shops:
D:2 !


Innate Abilities, Weirdness & Mutations

You are partially covered in thin metallic scales. (AC +2)
You sometimes gain a little power by taking damage.
Spells you cast may paralyse nearby enemies.
You have a small tail.


Message History

Casting: Flame Wave (dangerous; 1% risk of failure)
Confirm with . or Enter, or press ? or * to list all spells.
Casting: Flame Wave (dangerous; 1% risk of failure)
Press: ? - help, Dir - look around, f - activate A wave of flame ripples out!
The flame wave engulfs the orc warlord!
The orc warlord is severely wounded. (Press . to intensify the flame waves.) Malevolent energies surge around you.
The orc warlord hits you with a +3 battleaxe!
You focus on the pain.
You feel your power returning.
A wave of flame ripples out!
The flame wave engulfs the orc warlord.
The orc warlord is severely wounded.
The flame wave engulfs the orc!
You kill the orc!
Vehumet accepts your kill.
You feel your power returning.
The orc warlord hits you with a +3 battleaxe!
* * * LOW HITPOINT WARNING * * *
A wave of flame ripples out!
The flame wave engulfs the orc warlord.
The orc warlord is severely wounded.
You finish channelling waves of flame.
A gnoll comes into view. It is wielding a +0 hand axe.
The orc warlord closely misses you.
Unknown command.
Casting: Flame Wave (dangerous; 1% risk of failure)
Confirm with . or Enter, or press ? or * to list all spells.
Casting: Flame Wave (dangerous; 1% risk of failure)
Press: ? - help, Dir - look around, f - activate A wave of flame ripples out!
The flame wave engulfs the orc warlord!
The orc warlord is almost dead. (Press . to intensify the flame waves.) Malevolent energies surge around you.
The orc warlord hits you with a +3 battleaxe.
* * * LOW HITPOINT WARNING * * *
A wave of flame ripples out!
The flame wave engulfs the orc warlord!
The orc warlord is almost dead.
The flame wave engulfs the gnoll!
The gnoll is severely wounded.
The orc warlord hits you with a +3 battleaxe!!
You die...

?....? #......
....... .......
####### ....⌠..
##.....##.......
#.......))......
##.....og##......
#......@..# .....
##.....))..##
8.88
#.....§.....# '##
##...)))...## .#
#...).....# .
##..))...##
#.......#
##.....## ##'####


You could see an orc warlord and a gnoll.

Vanquished Creatures
  Harold (D:9)
  A two-headed ogre (D:8)
  An orc knight (Bailey)
  2 trolls
  11 yaks (D:9)
  Eustachio (D:4)
  An acid dragon (D:9)
  3 water moccasins
  13 orc warriors
  A sky beast (D:7)
  An ice beast (D:7)
  A black bear (D:8)
  3 centaurs
  A phantom (D:5)
  A kobold brigand (D:7)
  4 bullfrogs
  A gnoll sergeant (D:9)
  2 necrophages (D:5)
  4 scorpions
  8 wights (D:8)
  3 killer bees (D:9)
  3 howler monkeys
  4 orc priests
  6 hounds
  A jelly (D:5)
  A gnoll bouda (D:6)
  3 iguanas
  7 orc wizards
  Natasha (thrice) (D:2)
  20 gnolls
  11 adders
  A shadow imp (D:7)
  2 white imps (D:6)
  An ufetubus (D:4)
  2 worms
  A dart slug (D:5)
  33 orcs
  2 bats
  7 endoplasms
  3 giant cockroaches
  19 goblins
  8 hobgoblins
  3 quokkas
  10 ball pythons
  3 frilled lizards
  17 kobolds
  4 rats (D:1)
239 creatures vanquished.

Vanquished Creatures (collateral kills)
  A foxfire (D:5)
1 creature vanquished.

Vanquished Creatures (others)
  A kobold brigand (D:7)
  2 bushes (D:5)
  675 foxfires
  14 plants
  7 toadstools (D:1)
699 creatures vanquished.

Grand Total: 939 creatures vanquished

Notes
Turn   | Place    | Note
-------+----------+-------------------------------------------
     0 | D:1      | funkygono the Demonspawn Fire Elementalist began the quest
                  | for the Orb.
     0 | D:1      | Reached XP level 1. HP: 13/13 MP: 3/3
    36 | D:1      | You fall into a shaft and drop 1 floor!
   507 | D:1      | Gained mutation: You are partially covered in thin metallic
                  | scales. (AC +2) [demonic ancestry]
   507 | D:1      | Reached XP level 2. HP: 19/19 MP: 1/5
   510 | D:1      | Learned a level 2 spell: Scorch
  1101 | D:2      | Found Batrurph's Distillery.
  1110 | D:2      | Gained mutation: Spells you cast may paralyse adjacent
                  | enemies. [demonic ancestry]
  1110 | D:2      | Reached XP level 3. HP: 24/24 MP: 3/6
  1114 | D:2      | Learned a level 3 spell: Kindle Blastsparks
  1300 | D:2      | Noticed Natasha
  1307 | D:2      | Killed Natasha
  1469 | D:2      | Found a faded altar of an unknown god.
  1496 | D:2      | Gained mutation: Spells you cast may paralyse nearby
                  | enemies. [demonic ancestry]
  1496 | D:2      | Reached XP level 4. HP: 30/30 MP: 4/8
  1740 | D:2      | Reached skill level 3 in Spellcasting
  2087 | D:2      | Noticed Natasha
  2092 | D:2      | Killed Natasha
  2161 | D:2      | Noticed Natasha
  2169 | D:2      | Killed Natasha
  2170 | D:2      | Reached XP level 5. HP: 35/35 MP: 4/9
  3250 | D:3      | Learned a level 4 spell: Flame Wave
  3619 | D:4      | Reached XP level 6. HP: 41/41 MP: 5/11
  3801 | D:4      | Noticed Eustachio
  3813 | D:4      | Killed Eustachio
  3814 | D:4      | Reached skill level 1 in Long Blades
  3814 | D:4      | Reached skill level 4 in Spellcasting
  3818 | D:4      | Reached skill level 5 in Fire Magic
  3818 | D:4      | Gained mutation: You have a small tail. [demonic ancestry]
  3818 | D:4      | Reached XP level 7. HP: 42/47 MP: 1/13
  4225 | D:5      | Entered Level 5 of the Dungeon
  4333 | D:5      | Reached skill level 1 in Fighting
  4416 | D:5      | Found a staircase to the Ecumenical Temple.
  4428 | Temple   | Entered the Ecumenical Temple
  4557 | D:5      | Reached skill level 5 in Spellcasting
  4649 | D:5      | Found a radiant altar of Vehumet.
  4693 | D:5      | Became a worshipper of Vehumet
  4731 | D:5      | Found a blossoming altar of Fedhas.
  4928 | D:6      | Reached XP level 8. HP: 54/54 MP: 9/15
  5256 | D:6      | Found a hazy altar of Hepliaklqana.
  5284 | D:6      | Found a basalt altar of Yredelemnul.
  5286 | D:6      | Found a stormy altar of Qazlal.
  5371 | D:6      | Found a shadowy altar of Dithmenos.
  5492 | D:6      | Reached skill level 6 in Spellcasting
  5762 | D:6      | Found a sacrificial altar of Ru.
  6142 | D:6      | Reached * piety under Vehumet
  6142 | D:6      | Offered knowledge of Magic Dart by Vehumet.
  6145 | D:6      | Learned a level 1 spell: Magic Dart
  6149 | D:6      | Learned a level 3 spell: Stone Arrow
  6420 | D:7      | Reached XP level 9. HP: 50/61 MP: 5/19
  6671 | D:7      | Reached skill level 7 in Spellcasting
  7532 | D:7      | Found an ancient bone altar of Kikubaaqudgha.
  7776 | D:8      | Noticed a troll
  7783 | D:8      | Killed a troll
  8358 | D:8      | Reached ** piety under Vehumet
  8358 | D:8      | Offered knowledge of Searing Ray by Vehumet.
  8483 | D:8      | Learned a level 2 spell: Searing Ray
  8525 | D:9      | Reached skill level 8 in Spellcasting
  8525 | D:9      | Reached skill level 5 in Conjurations
  8528 | D:9      | Reached skill level 1 in Shields
  8534 | D:9      | Reached XP level 10. HP: 55/68 MP: 13/22
  8905 | D:9      | Noticed a two-headed ogre
  9043 | D:9      | Noticed Harold
  9060 | D:9      | Killed Harold
  9173 | D:9      | Reached skill level 9 in Spellcasting
  9182 | D:9      | Offered knowledge of Mephitic Cloud by Vehumet.
  9188 | D:8      | Killed a two-headed ogre
  9415 | D:9      | Reached *** piety under Vehumet
 10230 | D:10     | Entered Level 10 of the Dungeon
 10240 | D:10     | Found a flagged portal.
 10247 | Bailey   | Entered a bailey
 10568 | Bailey   | Offered knowledge of Ignite Poison by Vehumet.
 10573 | Bailey   | Learned a level 3 spell: Ignite Poison
 10724 | Bailey   | Gained mutation: You sometimes gain a little power by
                  | taking damage. [demonic ancestry]
 10724 | Bailey   | Reached XP level 11. HP: 75/75 MP: 18/24
 10777 | Bailey   | Noticed an orc knight
 10784 | Bailey   | Killed an orc knight
 10785 | Bailey   | Reached skill level 10 in Spellcasting
 11033 | Bailey   | Noticed an orc warlord
 11055 | Bailey   | Mangled by an orc warlord

Illustrated notes

Levels and vault maps discovered:
D:1:      nagdon_arrival_double_spiral, layout_basic
D:2:      layout_basic, ebering_ecumenical_altar_mist, serial_shops,
          nicolae_square_shop, uniq_natasha
D:3:      layout_loops_ring, minmay_misc_feat_tower, chequers_garden
D:4:      layout_basic, uniq_eustachio
D:5:      layout_rooms, fedhas_altar_decomposition,
          mainiacjoe_overflow_24_doors, mainiacjoe_overflow_small_starburst,
          temple_fountains
D:6:      layout_basic, lemuel_tele_altar, gammafunk_temple_overflow_forgotten,
          nicolae_ru_path_of_blood
D:7:      layout_loops_ring, lemuel_coloured_pillars_altar
D:8:      layout_basic
D:9:      layout_basic, uniq_harold
D:10:     layout_layer_cave, mainiacjoe_overflow_brackets, special_room
          [special_room_bee], enter_bailey_3
Temple:   nicolae_temple_no_exploring_needed
Bailey:   bailey_axe_minmay_hex_keep, bailey

Skill      XL: |  1  2  3  4  5  6  7  8  9 10 11 |
---------------+----------------------------------+-----
Fire Magic     | 3 4 5 6 7 8 9 |  9.6
Dodging        | 2 3 |  3.6
Spellcasting   | 3 4 5 6 8 9 10 | 10.1
Conjurations   | 2 3 4 5 6 |  6.2
Long Blades    | 1 2 3 |  3.7
Fighting       | 1 2 3 |  3.1
Shields        | 1 |  1.5
Stealth        | |  1.7
Earth Magic    | |  0.1

Action                   |  1- 3 |  4- 6 |  7- 9 | 10-12 || total
-------------------------+-------+-------+-------+-------++-------
Melee: Unarmed           |     1 |       |       |       ||     1
       Whip              |     2 |       |       |       ||     2
       Long sword        |       |    18 |    48 |       ||    66
       Punch             |       |     1 |     1 |       ||     2
       Tailslap          |       |       |     8 |     4 ||    12
       Falchion          |       |       |     7 |    22 ||    29
 Cast: Foxfire           |    41 |    58 |   147 |   148 ||   394
       Scorch            |     6 |    19 |    44 |    42 ||   111
       Flame Wave        |       |       |     8 |    17 ||    25
       Searing Ray       |       |       |       |     1 ||     1
  Use: Scroll            |       |    14 |     9 |     2 ||    25
       Potion            |       |       |       |     3 ||     3
 Stab: Paralysed         |       |     4 |    15 |     1 ||    20
Armor: Robe              |     3 |     6 |    20 |     7 ||    36
       Acid dragon scale |       |       |       |     4 ||     4
Dodge: Dodged            |     7 |    21 |    46 |    33 ||   107
Block: Other             |       |     1 |    20 |    17 ||    38
       Reflection        |       |       |     5 |     1 ||     6

Table legend: (Time is in decaauts)
 A = Elapsed time spent in this place.
 B = Non-inter-level travel time spent in this place.
 C = Inter-level travel time spent in this place.
 D = Time resting spent in this place.
 E = Time spent auto-exploring this place.
 F = Levels seen in this place.
 G = Mean time per level.
                   A        B        C        D        E       F      G
               +--------+--------+--------+--------+--------+-----+--------+
         Total |  11124 |  10894 |    230 |    323 |   8819 |  12 |  927.0 |
       Dungeon |  10297 |  10067 |    230 |     86 |   8532 |  10 | 1029.7 |
        Temple |     18 |     18 |      0 |      0 |     17 |   1 |   18.0 |
        Bailey |    807 |    807 |      0 |    237 |    270 |   1 |  807.0 |
               +--------+--------+--------+--------+--------+-----+--------+

Top non-repeatable levels by time:
     D:6: 1586 daAuts
     D:8: 1373 daAuts
     D:9: 1286 daAuts
     D:2: 1201 daAuts
     D:3: 1102 daAuts
     D:7: 1087 daAuts
     D:1: 1074 daAuts
     D:4: 893 daAuts
  Bailey: 807 daAuts
     D:5: 673 daAuts
  Temple: 18 daAuts
    D:10: 17 daAuts
